 Dungeon Crawl Stone Soup version 0.18.1-50-g88ac8fd (webtiles) character file.

26145 Amnesiac the Grand Gadgeteer (level 13, -1/101 HPs)
             Began as a Merfolk Fighter on Mar 7, 2018.
             Was the Champion of Pakellas.
             Succumbed to a manticore's barbed spikes
             ... on level 13 of the Dungeon.
             The game lasted 00:34:57 (11951 turns).

Amnesiac the Grand Gadgeteer (Merfolk Fighter)     Turns: 11951, Time: 00:34:58

Health: -1/101     AC: 12    Str: 21    XL:     13   Next: 24%
Magic:  28/33      EV: 12    Int:  9    God:    Pakellas [******]
Gold:   676        SH: 13    Dex: 16    Spells: 1 memorised, 10 levels left

rFire  . . .     SeeInvis .     a - +1 short sword (elec)
rCold  + . .     Gourm    .     y - +0 scale mail
rNeg   + . .     Faith    .     O - +2 shield of the Blind Marksman {Slay+3}
rPois  .         Spirit   .     B - +0 helmet
rElec  +         Dismiss  .     (no cloak)
rCorr  +         Reflect  .     M - +1 pair of gloves of Shadows and Fog {rN+ rCorr}
SustAt .         Harm     .     (no boots)
MR     .....                    n - amulet of regeneration
Stlth  +.........               D - ring of protection from cold
                                l - ring of magical power

@: manticore barbs, not resistant to hostile enchantments, very unstealthy
A: change form in water, swift swim, thin skeletal structure 1, clever 1, shaggy
fur 1, electricity resistance
a: Quick Charge, Device Surge, Supercharge, Renounce Religion


You were on level 13 of the Dungeon.
You worshipped Pakellas.
Pakellas was exalted by your worship.
You were hungry.

You visited 2 branches of the dungeon, and saw 14 of its levels.
You also visited: Ice Cave.

You collected 676 gold pieces.

Inventory:

Hand Weapons
 a - a +1 short sword of electrocution (weapon)
 b - a +2 dagger of venom
Armour
 t - a mottled dragon hide
 y - a +0 scale mail (worn)
 B - a +0 helmet (worn)
 M - the +1 pair of gloves of Shadows and Fog (worn) {rN+ rCorr}
   (You found it on level 8 of the Dungeon)

   It protects you from negative energy.
   It protects you from acid and corrosion.
 O - the +2 shield of the Blind Marksman (worn) {Slay+3}
   (You found it on level 8 of the Dungeon)

   It affects your accuracy and damage with ranged weapons and melee attacks
   (+3).
Rods
 c - a +3 lightning rod (13/13)
   (Pakellas gifted it to you on level 10 of the Dungeon)
Jewellery
 g - an uncursed ring of flight
 j - an uncursed ring of poison resistance
 l - a ring of magical power (left hand)
 n - an amulet of regeneration (around neck)
 p - an uncursed ring of wizardry {unknown}
 D - a ring of protection from cold (right hand)
Wands
 i - a wand of lightning (9/15)
 G - a wand of acid (4/15)
 I - a wand of paralysis (12/24)
Scrolls
 e - 5 scrolls of teleportation {!r}
 h - a scroll of enchant weapon {!r, unknown}
 k - a scroll of holy word {!r, unknown}
 o - a scroll of blinking {!r}
 q - 4 scrolls of remove curse {!r}
 s - 3 scrolls of identify {!r}
 J - a scroll of summoning {!r}
Potions
 d - a potion of might {!q}
 m - a potion of cure mutation {!q, unknown}
 r - a potion of invisibility {!q, unknown}
 w - a potion of lignification {!q}
 x - a potion of cancellation {!q}
 z - a potion of haste {!q, unknown}
 A - 2 potions of curing {!q}
 E - 2 potions of heal wounds {!q}
 F - a potion of flight {!q}
 L - a potion of resistance {!q}
 N - 2 potions of magic {!q}
Miscellaneous
 C - a box of beasts
 K - a fan of gales
Comestibles
 f - 8 bread rations
 v - 5 meat rations


   Skills:
 - Level 9.0 Fighting
 - Level 8.0 Short Blades
 - Level 5.5 Armour
 - Level 7.0 Dodging
 - Level 7.0 Shields
 + Level 15.8 Evocations


You had 10 spell levels left.
You knew the following spells:

 Your Spells              Type           Power        Failure   Level  Hunger
b - Passwall              Trmt/Erth      #.........   100%        2    ###....


Dungeon Overview and Level Annotations

Branches:
Dungeon (13/15)            Temple (1/1) D:4            Lair (0/8) D:8
    Orc (0/2) D:12
 Vaults: D:13-14

Altars:
Ashenzari
Cheibriados
Dithmenos
Elyvilon
Fedhas
Gozag
Kikubaaqudgha
Makhleb
Nemelex Xobeh
Okawaru
Pakellas
Qazlal
Ru
Sif Muna
Trog
Vehumet
Xom
Yredelemnul
Zin
The Shining One

Shops:
D:7 %   D:9 [

Annotations:
D:4 Amnesiac's ghost, amateur MfFi


Innate Abilities, Weirdness & Mutations

You revert to your normal form in water.
You are very nimble and swift while swimming.
You have a somewhat thin skeletal structure (Dex +2, Stealth).
Your mind is acute. (Int +2)
You are covered in fur (AC +1).
You are resistant to electric shocks.


Message History

You hit the griffon but do no damage.
The griffon is almost dead.
The griffon closely misses you.
The griffon pecks you but does no damage.
The griffon claws you!
* * * LOW HITPOINT WARNING * * *
An orc comes into view.
The orc shouts!
You hit the griffon.
The griffon is almost dead.
The griffon bites you but does no damage.
You block the griffon's attack. x2
An orc warrior comes into view. It is wielding a long sword.
You completely miss the griffon.
The griffon is almost dead.
The orc warrior shouts!
The orc warrior moves out of view.
Your shield and scale mail prevent you from hitting the griffon.
The griffon is almost dead.
The griffon bites you but does no damage.
The griffon pecks you but does no damage.
You block the griffon's attack.
You hit the griffon.
There is a sudden explosion of sparks!
You kill the griffon!
Pakellas accepts your kill.
You feel your power returning.
The orc priest casts a cantrip, but nothing happens.
You closely miss the wyvern. You block the wyvern's attack.
You hit the wyvern but do no damage. The wyvern bites you!
* * * LOW HITPOINT WARNING * * *
An orc warrior comes into view. It is wielding a war axe.
The orc warrior shouts!
You hit the wyvern but do no damage.
There is a sudden explosion of sparks!
The wyvern is severely wounded.
You block the wyvern's attack.
The orc priest calls down the wrath of Beogh upon you.
Beogh smites you!
* * * LOW HITPOINT WARNING * * *
You hit the wyvern.
There is a sudden explosion of sparks!
You kill the wyvern!
Pakellas accepts your kill.
You feel your power returning.
The manticore flicks its tail.
You block the volley of spikes.
The orc priest invokes the aid of Beogh against you.
Beogh smites you!
* * * LOW HITPOINT WARNING * * *
An orc comes into view. It is wielding a mace.
The orc shouts!
The manticore flicks its tail.
The volley of spikes hits you!
The barbed spikes become lodged in your body.
* * * LOW HITPOINT WARNING * * *
Evoke which item? (* to show all) (? for menu, Esc to quit)
Zapping:
I - a wand of paralysis (13/24)
Press: ? - help, Shift-Dir - straight line, f - manticore
Aim: a manticore (chance to defeat MR: 58%)
The manticore suddenly stops moving!
This wand has 12 charges left.
The barbs in your skin will harm you if you move.
Continue?
The barbed spikes dig painfully into your body as you move.
* * * LOW HITPOINT WARNING * * *
The barbed spikes dig painfully into your body as you move.
You die...
Pakellas says: Time to start the next experiment...

. . .#
#######.##
#........#
#.......(#
....
+........#
....
#<.<.....+
#...
##@.##..##
##...####..##
#
............#
............#
#..........#
######.##.##
#H####


oC. oooo. You could see a manticore (paralysed), a cyclops and an orc.

Vanquished Creatures
  Nessos (D:12)
  Urug (D:12)
  6 slime creatures (D:12)
  An unseen horror (D:11)
  3 hill giants
  Pikel (D:7)
  A necromancer (IceCv)
  A griffon (D:13)
  5 ice statues (IceCv)
  Psyche (D:9)
  2 centaur skeletons (D:12)
  An efreet (D:12)
  8 ice devils (IceCv)
  3 trolls
  A two-headed ogre (D:12)
  2 wyverns
  A wraith (D:12)
  Sigmund (D:6)
  23 yaks
  A steam dragon (D:9)
  A hungry ghost (D:9)
  3 vampire mosquitoes (D:12)
  2 hippogriffs
  2 mottled dragons (D:11)
  Menkaure (D:6)
  Edmund (D:4)
  Duvessa (D:6)
  5 orc warriors
  2 ice beasts
  4 black bears
  2 wasps
  2 sky beasts
  3 slaves (D:7)
  3 ogres
  4 phantoms
  10 centaurs
  A crocodile (D:9)
  2 big kobolds
  6 giant frogs
  4 wyvern zombies
  2 scorpions
  Dowan (D:6)
  2 water moccasin skeletons
  30 killer bees
  6 wights
  5 crimson imps
  4 centaur zombies
  2 quasits
  A draconian simulacrum (IceCv)
  3 giant frog zombies (D:12)
  12 orc priests
  A hound (D:9)
  7 jellies
  11 orc wizards
  A giant frog skeleton (D:12)
  An iguana (D:11)
  7 worker ants
  3 troll simulacra (IceCv)
  A spriggan simulacrum (IceCv)
  A killer bee zombie (D:8)
  A hound zombie (D:6)
  2 hound skeletons (D:5)
  22 adders
  A naga simulacrum (IceCv)
  4 ogre simulacra (IceCv)
  A river rat (D:4)
  A shadow imp (D:12)
  5 white imps (D:12)
  5 oozes (D:9)
  An adder skeleton (D:4)
  A worm (D:3)
  2 dart slugs
  7 giant geckos
  52 orcs
  3 ball pythons
  10 giant cockroaches
  6 goblins
  9 hobgoblins
  A quokka (D:7)
  10 bats
  7 giant newts
  15 kobolds
  13 rats
403 creatures vanquished.

Vanquished Creatures (collateral kills)
  A hippogriff (D:12)
  A sky beast (D:12)
  An adder (D:12)
  7 white imps (D:12)
10 creatures vanquished.

Vanquished Creatures (others)
  A slave (D:7)
1 creature vanquished.

Grand Total: 414 creatures vanquished

Notes
Turn   | Place    | Note
--------------------------------------------------------------
     0 | D:1      | Amnesiac the Merfolk Fighter began the quest for the Orb.
     0 | D:1      | Reached XP level 1. HP: 18/18 MP: 1/1
    44 | D:1      | Reached XP level 2. HP: 19/24 MP: 2/2
   332 | D:1      | Reached XP level 3. HP: 29/29 MP: 3/3
   634 | D:2      | Found a sparkling altar of Nemelex Xobeh.
   712 | D:2      | Found a basalt altar of Yredelemnul.
   800 | D:3      | Reached skill level 5 in Short Blades
   895 | D:4      | Noticed a phantom
   984 | D:4      | Reached XP level 4. HP: 28/35 MP: 4/4
  1020 | D:4      | Noticed Edmund
  1271 | D:4      | HP: 1/35 [poisoned by Edmund]
  1325 | D:4      | Noticed Amnesiac's ghost (amateur MfFi)
  1483 | D:3      | Found a snail-covered altar of Cheibriados.
  1496 | D:3      | Found an iron altar of Okawaru.
  1630 | D:4      | Killed Edmund
  1630 | D:4      | Reached skill level 5 in Fighting
  1630 | D:4      | Reached XP level 5. HP: 43/44 MP: 5/5
  1667 | D:4      | Reached XP level 6. HP: 18/51 MP: 6/6
  1801 | D:3      | Killed a phantom
  2132 | D:4      | Found an iron altar of Okawaru.
  2164 | D:4      | Reached XP level 7. HP: 51/56 MP: 7/7
  2213 | D:4      | Found a staircase to the Ecumenical Temple.
  2228 | Temple   | Entered the Ecumenical Temple
  2248 | Temple   | Became a worshipper of Pakellas the Inventive
  2302 | D:4      | Reached skill level 1 in Evocations
  2922 | D:3      | Reached skill level 2 in Evocations
  3255 | D:4      | Reached * piety under Pakellas
  3255 | D:4      | Received a gift from Pakellas
  3413 | D:5      | Entered Level 5 of the Dungeon
  3419 | D:5      | Found a burning altar of Makhleb.
  3576 | D:5      | Reached skill level 3 in Evocations
  3592 | D:5      | Gained mutation: You have a somewhat thin skeletal structure (Dex +2, Stealth). [mutagenic meat]
  3593 | D:5      | Gained mutation: You are covered in fur (AC +1). [mutagenic meat]
  3594 | D:5      | Gained mutation: You are resistant to electric shocks. [mutagenic meat]
  3595 | D:5      | Gained mutation: Your mind is acute. (Int +2) [mutagenic meat]
  3605 | D:5      | Reached skill level 4 in Evocations
  3637 | D:5      | Reached XP level 8. HP: 42/62 MP: 11/11
  3645 | D:5      | Reached skill level 5 in Evocations
  4028 | D:5      | Reached skill level 6 in Evocations
  4222 | D:6      | Noticed Menkaure
  4226 | D:6      | Killed Menkaure
  4256 | D:6      | Reached skill level 7 in Evocations
  4366 | D:6      | Found an ancient bone altar of Kikubaaqudgha.
  4373 | D:6      | Noticed Duvessa
  4373 | D:6      | Noticed Dowan
  4392 | D:6      | Killed Dowan
  4396 | D:6      | Killed Duvessa
  4396 | D:6      | Reached ** piety under Pakellas
  4396 | D:6      | Received a gift from Pakellas
  4396 | D:6      | Reached skill level 8 in Evocations
  4399 | D:6      | Reached XP level 9. HP: 40/68 MP: 15/15
  4555 | D:6      | Found a deep blue altar of Sif Muna.
  4630 | D:6      | Noticed Sigmund
  4645 | D:6      | Killed Sigmund
  4645 | D:6      | Reached skill level 9 in Evocations
  5133 | D:7      | Found a sacrificial altar of Ru.
  5228 | D:7      | Reached skill level 10 in Evocations
  5467 | D:7      | Reached *** piety under Pakellas
  5467 | D:7      | Received a gift from Pakellas
  5847 | D:7      | Found Eco Leth's Food Boutique.
  5909 | D:7      | Reached XP level 10. HP: 64/79 MP: 17/17
  5917 | D:7      | Noticed Pikel
  5928 | D:7      | Killed Pikel
  6160 | D:8      | Found a bloodstained altar of Trog.
  6199 | D:8      | Found an ancient bone altar of Kikubaaqudgha.
  6291 | D:8      | Reached **** piety under Pakellas
  6291 | D:8      | Received a gift from Pakellas
  6383 | D:8      | Reached skill level 1 in Dodging
  6448 | D:8      | Got a pair of crude gloves
  6700 | D:8      | Found a staircase to the Lair.
  6717 | D:8      | Got a fine shield
  6983 | D:9      | Reached skill level 5 in Dodging
  7124 | D:9      | Found a glowing silver altar of Zin.
  7124 | D:9      | Noticed an angel
  7144 | D:9      | Identified the +1 pair of gloves of Shadows and Fog {rN+ rCorr} (You found it on level 8 of the Dungeon)
  7154 | D:9      | Identified the +2 shield of the Blind Marksman {Slay+3} (You found it on level 8 of the Dungeon)
  7159 | D:9      | Found a shimmering altar of Xom.
  7297 | D:9      | Found Yhu Lea's Armour Boutique.
  7307 | D:9      | Found a blossoming altar of Fedhas.
  7307 | D:9      | Found a glowing golden altar of the Shining One.
  7392 | D:9      | Noticed Psyche
  7406 | D:9      | Killed Psyche
  7527 | D:9      | Reached skill level 5 in Shields
  7538 | D:9      | Reached XP level 11. HP: 89/89 MP: 18/18
  7736 | D:10     | Entered Level 10 of the Dungeon
  7809 | D:10     | Learned a level 2 spell: Passwall
  7854 | D:10     | You fall through a shaft!
  7954 | D:10     | Reached ***** piety under Pakellas
  7954 | D:10     | Received a gift from Pakellas
  8257 | D:10     | Noticed a hill giant
  8264 | D:10     | Killed a hill giant
  8312 | D:10     | Noticed a hill giant
  8321 | D:10     | Killed a hill giant
  8370 | D:10     | Reached skill level 5 in Armour
  8924 | D:11     | Reached skill level 11 in Evocations
  9379 | D:11     | Killed an unseen horror
  9379 | D:11     | Reached skill level 12 in Evocations
  9379 | D:11     | Reached XP level 12. HP: 65/95 MP: 21/21
  9569 | D:12     | Noticed Nessos
  9580 | D:12     | Killed Nessos
  9612 | D:12     | Found a frozen archway.
  9622 | D:12     | Reached ****** piety under Pakellas
  9634 | D:12     | Reached skill level 13 in Evocations
  9739 | IceCv    | Entered an ice cave
 10560 | IceCv    | Reached skill level 14 in Evocations
 10614 | IceCv    | Got a transparent robe
 10629 | IceCv    | Identified the +1 robe "Moirphigu" {Dex+3} (You found it in an ice cave)
 11045 | D:12     | Found a staircase to the Orcish Mines.
 11195 | D:12     | Reached skill level 15 in Evocations
 11279 | D:12     | Reached XP level 13. HP: 101/101 MP: 24/24
 11289 | D:12     | Noticed Urug
 11309 | D:12     | Killed Urug
 11951 | D:13     | Succumbed to a manticore's barbed spikes

Skill      XL: |  1  2  3  4  5  6  7  8  9 10 11 12 |
---------------+-------------------------------------+-----
Short Blades   | 3 4 5 7 8 |  8.0
Fighting       | 5 7 9 |  9.0
Evocations     | 4 8 10 12 15 | 15.8
Dodging        | 7 |  7.0
Armour         | 3 5 |  5.5
Shields        | 5 7 |  7.0

Action                   |  1- 3 |  4- 6 |  7- 9 | 10-12 | 13-15 || total
-------------------------+-------+-------+-------+-------+-------++-------
Melee: Rapier            |    33 |       |       |       |       ||    33
       Dagger            |   103 |   185 |   440 |    66 |       ||   794
       Tailslap          |       |       |     1 |       |       ||     1
       Short sword       |       |       |   128 |   951 |   133 ||  1212
Invok: Quick Charge      |       |       |       |     4 |     1 ||     5
Evoke: Wand              |       |       |    12 |    38 |     4 ||    54
       Fan of gales      |       |       |       |     1 |       ||     1
  Use: Potion            |       |     3 |       |     2 |       ||     5
       Scroll            |       |       |       |    14 |       ||    14
 Stab: Paralysed         |       |       |     1 |    42 |     5 ||    48
  Eat: Chunk             |       |     3 |    16 |    15 |     2 ||    36
       Beef jerky        |       |     1 |       |       |       ||     1
       Meat ration       |       |       |       |     1 |       ||     1
Armor: Scale mail        |    59 |    58 |   182 |   194 |    38 ||   531
       Skin              |       |       |       |    12 |       ||    12
Dodge: Dodged            |    32 |    41 |   104 |   230 |    30 ||   437
Block: Shield            |    77 |    55 |   191 |   438 |    73 ||   834
